Map: Tours du crépuscule

Players

Held - Winner!

  • Race: Zerg Zerg
  • League: Silver
  • Spawn Location: 1:00

zidar

  • Race: Zerg Zerg
  • League: Silver
  • Spawn Location: 7:00

VOD

Have the link to the VOD?

Description

Time

  • Played on: Jan. 13, 2016, 10:51 a.m.
  • Length: 5:54
Show
View Real Time Build Order
Export as new Build Order

Held Zerg - Winner!

Build Orders: 1 Base Baneling Bust, Pool First 

Get SALT Encoding   

  12  0:01  Drone  
  13  0:08  Drone  
  14  0:14  Extractor  
  14  0:17  Drone  
  14  0:35  Spawning Pool  
  13  0:39  Drone  
  14  0:46  Overlord  
  14  1:21  Zergling x4  
  14  1:22  Zergling x2  
  14  1:23  Queen  
  19  1:29  Metabolic Boost  
  19  1:41  Baneling Nest, Zergling x2  
  19  1:49  Zergling x2  
  20  1:55  Zergling x2  
  21  2:08  Overlord  
  21  2:36  Zergling x4  
  21  2:37  Zergling x6  
  25  2:40  Baneling  
  25  2:41  Baneling  
  26  2:46  Zergling x2  
  24  3:15  Hatchery  
  24  3:18  Baneling x3  
  22  3:39  Zergling x2  
  21  3:42  Spore Crawler  
  21  3:46  Spine Crawler  
  20  3:50  Zergling x2  
  9  4:15  Zergling x2  
  9  4:16  Zergling x6  
  13  4:37  Baneling x2  
  13  4:47  Queen  
  13  4:50  Zergling x2  
  12  5:04  Zergling x2  
Show
View Real Time Build Order
Export as new Build Order

zidar Zerg 

Build Orders: 1 Base Baneling Bust, Pool Only 

Get SALT Encoding   

  12  0:02  Drone  
  13  0:12  Overlord  
  13  0:17  Drone  
  14  0:25  Extractor  
  14  0:26  Drone  
  14  0:42  Spawning Pool  
  13  0:55  Overlord  
  13  1:29  Zergling x2  
  13  1:30  Queen  
  13  1:32  Zergling x4  
  18  1:44  Metabolic Boost  
  18  1:53  Zergling x4  
  20  2:06  Baneling Nest, Drone  
  20  2:13  Zergling x2  
  21  2:33  Zergling x2  
  22  2:45  Zergling x8  
  20  3:18  Zergling x6  
  23  3:26  Spine Crawler  
  4  3:42  Zergling x8  
  5  4:03  Zergling x4  
  4  4:13  Zergling x2  
  5  4:26  Drone  
  6  4:33  Drone  
  7  4:41  Drone  
  3  5:10  Spine Crawler  
  2  5:18  Drone  
  3  5:24  Drone  
Tags
 
Add a new tag
Caveats
  • Supply blocks, unpowered buildings, or Contaminate may cause inaccurate times.
  • Supply counts are checked every 10 seconds.